 Dungeon Crawl Stone Soup version 0.29.1-12-g30fa7ad0bf (webtiles) character file.

Game seed: 2561434840399645617

3120 croobank the Blocker (level 9, -5/73 (81) HPs)
             Began as a Minotaur Fighter on Dec 24, 2022.
             Was a Follower of Qazlal.
             Slain by a gnoll
             ... wielding a +2 halberd of electrocution
              (9 damage)
             ... in a bailey.
             The game lasted 00:15:53 (6773 turns).

croobank the Blocker (Minotaur Fighter)             Turns: 6773, Time: 00:15:54

HP:   -5/73 (81)    AC: 19    Str: 33    XL:     9   Next: 60%
MP:   0/3           EV: 10    Int:  5    God:    Qazlal [*.....]
Gold: 785           SH:  8    Dex: 19    Spells: 8/8 levels left

rFire   . . .      SeeInvis .   a - +1 war axe
rCold   . . .      Faith    .   c - +0 buckler
rNeg    . . .      Spirit   +   b - +0 scale mail
rPois   .          Reflect  .   (helmet restricted)
rElec   .          Harm     .   h - +1 cloak
rCorr   .          Rampage  .   m - +1 pair of gloves
Will    +....                   t - +1 pair of boots
Stlth   ..........              f - amulet "Qicoteta" {Spirit Will+ Dex+4 Stlth-}
HPRegen 0.22/turn               i - ring "Syuq" {Drain MP-9 AC+4 Str+8 Dex+5}
MPRegen 0.08/turn               (no ring)

@: drained
A: horns 2, retaliatory headbutt
a: Renounce Religion


You were in a bailey.
You worshipped Qazlal.
Qazlal was aware of your devotion.
You visited 2 branches of the dungeon, and saw 8 of its levels.
You also visited: Ossuary and Bailey.

You collected 785 gold pieces.

Inventory:

Hand Weapons
 a - a +1 war axe (weapon)
 e - a +5 spear
 w - a +2 falchion of holy wrath
 H - a +2 halberd of draining
 I - a +2 halberd of electrocution
Missiles
 l - 6 poisoned darts (quivered)
Armour
 b - a +0 scale mail (worn)
 c - a +0 buckler (worn)
 h - a +1 cloak (worn)
 m - a +1 pair of gloves (worn)
 p - a scarf of invisibility
 t - a +1 pair of boots (worn)
Jewellery
 f - the amulet "Qicoteta" (around neck) {Spirit Will+ Dex+4 Stlth-}
   (You acquired it on level 3 of the Dungeon)

   [amulet of guardian spirit]

   It causes incoming damage to be divided between your reserves of health and
   magic.
   Dex:       It affects your dexterity (+4).
   Will:      It increases your willpower.
   Stlth:     It makes you less stealthy.
 i - the ring "Syuq" (left hand) {Drain MP-9 AC+4 Str+8 Dex+5}
   (You acquired it on level 4 of the Dungeon)

   [ring of protection]

   AC:        It affects your AC (+4).
   Str:       It affects your strength (+8).
   Dex:       It affects your dexterity (+5).
   MP:        It affects your magic capacity (-9).
   Drain:     It drains your maximum health when unequipped.
Wands
 d - a wand of light (8)
 q - a wand of polymorph (14)
 y - a wand of roots (13)
Scrolls
 o - 5 scrolls of teleportation
 r - a scroll of fear
 B - a scroll of butterflies
 E - 2 scrolls of identify
 F - a scroll of blinking
Potions
 g - 2 potions of flight
 j - 4 potions of berserk rage
 k - 4 potions of curing
 n - a potion of invisibility
 s - 4 potions of lignification
 u - a potion of brilliance
 v - a potion of attraction
 x - a potion of magic {unknown}
 z - 4 potions of heal wounds {unknown}
 A - a potion of mutation {unknown}
 C - 2 potions of degeneration {unknown}
 D - a potion of resistance
 G - 2 potions of might


   Skills:
 + Level 8.1 Fighting
 + Level 7.7 Axes
 + Level 8.1 Armour
 + Level 8.2 Shields
 + Level 5.7 Invocations


You had 8 spell levels left.
You didn't know any spells.
Your spell library contained the following spells:

 Spells                   Type           Power      Damage    Failure   Level
 Foxfire                  Conj/Fire      0%         2x1d4     75%         1
 Confusing Touch          Hex            0%         N/A       98%         3
 Conjure Flame            Conj/Fire      0%         6-21      98%         3
 Gell's Gravitas          Tloc           0%         N/A       98%         3
 Inner Flame              Hex/Fire       0%         N/A       98%         3
 Lesser Beckoning         Tloc           0%         N/A       98%         3
 Teleport Other           Tloc           0%         N/A       98%         3
 Flame Wave               Conj/Fire      0%         2d4       100%        4
 Passage of Golubria      Tloc           0%         N/A       100%        4
 Silence                  Hex/Air        0%         N/A       100%        5
 Yara's Violent Unravell  Hex/Tmut       0%         3d3       100%        5
 Enfeeble                 Hex            0%         N/A       100%        7
 Lehudib's Crystal Spear  Conj/Erth      0%         10d2      100%        8


Dungeon Overview and Level Annotations

Branches:
Dungeon (7/15)             Temple (1/1) D:6         Ossuary (visited)
 Bailey (1/1)

Altars:
Ashenzari
Cheibriados
Fedhas
Gozag
Nemelex Xobeh
Okawaru
Qazlal
Ru
Uskayaw
Yredelemnul


Innate Abilities, Weirdness & Mutations

You have a pair of horns on your head.
You reflexively headbutt those who attack you in melee.


Message History

There is an open door here.
You open the door. 2 gnolls and an orc knight come into view.
A gnoll is wielding a +1 halberd of electrocution.
A gnoll is wielding a +2 halberd of electrocution.
The gnoll shouts! x2
Found four items.
Found 2 glowing yellow potions, a potion of resistance and a potion of might.
You block the orc knight's attack. You block the gnoll's attack.
There is an open door here.
Okay, then.
Aiming: Bolt of Light
Press: ? - help, Shift-Dir - straight line, f - gnoll
Aim: a gnoll, wielding a +1 halberd of electrocution (75% to hit)
The bolt of light hits the orc knight!
The orc knight is lightly wounded.
The orc knight is blinded.
The bolt of light misses the gnoll.
The orc knight barely misses you. The orc knight barely misses you.
You furiously retaliate!
You headbutt the orc knight.
The gnoll hits you from afar with a +1 halberd of electrocution.
The gnoll closely misses you.
There is an open door, spattered with blood here.
You hit the orc knight but do no damage.
Your headbutt misses the orc knight.
The orc knight is moderately wounded.
You block the gnoll's attack.
The gnoll hits you from afar with a +2 halberd of electrocution.
You hit the orc knight. You headbutt the orc knight!
The orc knight is heavily wounded.
The orc knight hits you with a +4 halberd!
The gnoll hits you from afar with a +1 halberd of electrocution.
You are electrocuted!!
The gnoll hits you but does no damage.
You are electrocuted!
* * * LOW HITPOINT WARNING * * *
You slice the orc knight!!
The orc knight is severely wounded.
The gnoll hits you but does no damage.
You are electrocuted!
* * * LOW HITPOINT WARNING * * *
The gnoll hits you from afar with a +2 halberd of electrocution!
You die...

##### ### ##
##.')###.###)#
#@###'##'##'#
#!.!go##
##.....##
#.!.!g
###.....###
+!.⌠.!
#)'..⌠..'.#
#.!.!.
###.....###
#!.!.!
##.....##
+##+##+#
#)##'##'##
#g#.###)###†#
### ### #####
### #'#


You could see an orc knight (blind) and 2 gnolls.

Vanquished Creatures
  Prince Ribbit (D:7)
  Grinder (D:4)
  A steam dragon (D:6)
  2 water moccasins (D:6)
  Duvessa (D:4)
  2 sky beasts
  An ice beast (D:6)
  2 ogres (D:6)
  2 black bears (D:6)
  A kobold brigand (D:6)
  2 phantoms
  2 bullfrogs (D:7)
  A necrophage (D:6)
  A scorpion (D:6)
  9 wights (D:6)
  Dowan (D:4)
  A howler monkey (D:6)
  2 hounds
  2 orc priests
  2 jellies
  5 iguanas
  3 mummies (Ossuary)
  6 adders
  8 gnolls
  3 shadow imps (D:6)
  A white imp (D:5)
  An ufetubus (D:5)
  A worm (D:4)
  7 dart slugs
  20 orcs
  2 ball pythons
  16 endoplasms
  3 giant cockroaches (D:1)
  8 goblins
  9 hobgoblins
  4 jackals (D:2)
  16 kobolds
  5 quokkas
  5 bats
  6 frilled lizards
  8 goblin zombies (Ossuary)
  A hobgoblin zombie (Ossuary)
  3 kobold zombies (Ossuary)
  4 quokka zombies (Ossuary)
  2 rats
  2 rat zombies (Ossuary)
186 creatures vanquished.

Vanquished Creatures (others)
  4 fungi (D:4)
  5 toadstools (D:4)
9 creatures vanquished.

Grand Total: 195 creatures vanquished

Notes
Turn   | Place    | Note
-------+----------+-------------------------------------------
     0 | D:1      | croobank the Minotaur Fighter began the quest for the Orb.
     0 | D:1      | Reached XP level 1. HP: 19/19 MP: 0/0
   339 | D:1      | Reached XP level 2. HP: 26/27 MP: 1/1
   579 | D:1      | Reached XP level 3. HP: 29/33 MP: 2/2
  1440 | D:2      | Reached skill level 1 in Invocations
  1668 | D:2      | Reached XP level 4. HP: 40/40 MP: 3/3
  2085 | D:3      | Noticed a phantom
  2101 | D:3      | Killed a phantom
  2102 | D:3      | Reached XP level 5. HP: 28/47 MP: 3/5
  2949 | D:3      | Identified 2 scrolls of acquirement
  2949 | D:3      | Acquired the amulet "Qicoteta" {Spirit Will+ Dex+4 Stlth-}
  3006 | D:4      | Acquired the ring "Syuq" {Drain MP-9 AC+4 Str+8 Dex+5}
  3211 | D:4      | Noticed Grinder
  3222 | D:4      | Paralysed by Grinder for 5 turns
  3228 | D:4      | Killed Grinder
  3229 | D:4      | Reached skill level 5 in Fighting
  3229 | D:4      | Reached skill level 5 in Armour
  3229 | D:4      | Reached skill level 5 in Shields
  3229 | D:4      | Reached XP level 6. HP: 16/56 MP: 0/6
  3599 | D:4      | Noticed Duvessa
  3600 | D:4      | Noticed Dowan
  3612 | D:4      | Killed Duvessa
  3613 | D:4      | Reached XP level 7. HP: 53/61 MP: 0/8
  3614 | D:4      | Killed Dowan
  4071 | D:5      | Entered Level 5 of the Dungeon
  4093 | D:5      | Reached skill level 5 in Axes
  4844 | D:6      | Reached XP level 8. HP: 70/70 MP: 0/9
  5102 | D:6      | Reached XP level 9. HP: 79/79 MP: 2/11
  5125 | D:6      | Reached skill level 5 in Invocations
  5239 | D:6      | Found a sand-covered staircase.
  5244 | Ossuary  | Entered an ossuary
  6040 | D:6      | Found a staircase to the Ecumenical Temple.
  6049 | Temple   | Entered the Ecumenical Temple
  6053 | Temple   | Became a worshipper of Qazlal Stormbringer
  6412 | D:7      | Noticed Prince Ribbit
  6427 | D:7      | Killed Prince Ribbit
  6545 | D:7      | Found a flagged portal.
  6579 | Bailey   | Entered a bailey
  6713 | Bailey   | Reached * piety under Qazlal
  6766 | Bailey   | Noticed an orc knight
  6773 | Bailey   | Slain by a gnoll

Illustrated notes

Levels and vault maps discovered:
D:1:      saegor_arrival_simple_c, layout_basic, minmay_statues_item,
          chequers_serial_rivers_micro_d, serial_bayou_pond_d,
          nicolae_grassy_gnolls
D:2:      layout_basic, st_stairs_8
D:3:      layout_basic
D:4:      cheibrodos_fertilizer, layout_rooms, kennysheep_generic_room_7,
          uniq_grinder, uniq_duvessa
D:5:      layout_basic
D:6:      minmay_polygon_palace, layout_basic, minmay_temple_entry_overgrown,
          enter_ossuary_5
D:7:      layout_rooms, enter_bailey_1, uniq_prince_ribbit1
Temple:   nicolae_temple_x_marks_the_god
Bailey:   bailey_polearm_nasty_gnolls, bailey

Skill      XL: |  1  2  3  4  5  6  7  8  9 |
---------------+----------------------------+-----
Shields        | 4 5 6 7 8 |  8.2
Armour         | 4 5 6 7 8 |  8.1
Fighting       | 4 5 6 7 8 |  8.1
Axes           | 3 4 5 6 7 |  7.7
Invocations    | 1 2 3 4 5 |  5.7

Action                   |  1- 3 |  4- 6 |  7- 9 || total
-------------------------+-------+-------+-------++-------
Melee: War axe           |    71 |    99 |   216 ||   386
       Headbutt          |    11 |    13 |    45 ||    69
Evoke: Wand              |       |       |     1 ||     1
  Use: Scroll            |       |    10 |    13 ||    23
       Potion            |       |     1 |       ||     1
Armor: Scale mail        |    28 |    58 |   105 ||   191
Dodge: Dodged            |    36 |    39 |    92 ||   167
Block: Buckler           |     9 |    22 |    78 ||   109
